 Dungeon Crawl Stone Soup version 0.27.1-4-g1640c2035a (webtiles) character file.

Game seed: 688549596454060813

8929 pkoi the Grappler (level 11, -5/105 HPs)
             Began as a Troll Monk on Nov 17, 2021.
             Was a High Priest of Kikubaaqudgha.
             Slain by Snorg (10 damage)
             ... on level 11 of the Dungeon.
             The game lasted 00:18:27 (8707 turns).

pkoi the Grappler (Troll Monk)                      Turns: 8707, Time: 00:18:27

Health: -5/105     AC: 11    Str: 21 (22) XL:     11   Next: 16%
Magic:  15/15      EV: 11    Int: 11 (14) God:    Kikubaaqudgha [*****.]
Gold:   1275       SH:  5    Dex: 10 (12) Spells: 4/17 levels left

rFire    . . .     SeeInvis .     - Unarmed
rCold    + . .     Faith    .   (no shield)
rNeg     . . .     Spirit   .   a - +0 robe
rPois    .         Reflect  +   (helmet restricted)
rElec    .         Harm     .   c - +2 cloak "Linat" {Int+6}
rCorr    .         Rampage  .   (gloves unavailable)
Will     .....                  (boots unavailable)
Stlth    +.........             g - amulet of reflection
HPRegen  1.27/turn              f - ring of protection from cold
MPRegen  0.14/turn              x - +4 ring of protection

@: hasted, very quick
A: large, unfitting armour, claws 3, regeneration 1, shaggy fur 1, tough skin 1
a: Renounce Religion, Receive Corpses, Torment


You were on level 11 of the Dungeon.
You worshipped Kikubaaqudgha.
Kikubaaqudgha was extremely pleased with you.
You visited 2 branches of the dungeon, and saw 12 of its levels.
You also visited: Sewer.

You collected 1275 gold pieces.

Inventory:

Missiles
 k - 9 boomerangs (quivered)
 q - a curare-tipped dart
 r - 25 poisoned darts
 s - 9 large rocks
 y - 2 throwing nets
Armour
 a - a +0 robe (worn)
 c - the +2 cloak "Linat" (worn) {Int+6}
   (You found it on level 4 of the Dungeon)

   Int:       It affects your intelligence (+6).
Jewellery
 f - a ring of protection from cold (left claw)
 g - an amulet of reflection (around neck)
 m - a ring of see invisible
 x - a +4 ring of protection (right claw)
 z - a ring of resist corrosion
 A - a ring of magical power
 C - a ring of flight
Wands
 D - a wand of iceblast (13)
Scrolls
 e - 3 scrolls of fog
 h - 5 scrolls of teleportation
 l - 4 scrolls of enchant weapon
 n - a scroll of brand weapon
 p - a scroll of blinking
 t - 2 scrolls of amnesia
Potions
 b - 3 potions of degeneration
 d - 3 potions of haste
 i - 4 potions of curing
 j - 2 potions of mutation
 o - 2 potions of might
 u - 3 potions of flight
 B - a potion of lignification


   Skills:
 + Level 6.0 Fighting
 + Level 6.0 Dodging
 - Level 1.0 Stealth
 + Level 10.3 Unarmed Combat
 + Level 3.9 Spellcasting
 + Level 6.0 Necromancy
 + Level 4.5 Earth Magic


You had 4 spell levels left.
You knew the following spells:

 Your Spells              Type           Power      Damage    Failure   Level
a - Pain                  Necr           60%        1d7       1%          1
b - Vampiric Draining     Necr           7%         2d7       6%          3
c - Dispel Undead         Necr           15%        3d10      21%         4
d - Borgnjor's Vile Clut  Necr/Erth      6%         N/A       58%         5

Your spell library contained the following spells:

 Spells                   Type           Power      Damage    Failure   Level
 Animate Skeleton         Necr           30%        N/A       1%          1
 Sublimation of Blood     Necr           7%         N/A       3%          2
 Passwall                 Tmut/Erth      5%         N/A       14%         2
 Animate Dead             Necr           7%         N/A       21%         4
 Shock                    Conj/Air       8%         1d3       24%         1
 Stone Arrow              Conj/Erth      14%        3d7       28%         3
 Static Discharge         Conj/Air       2%         N/A       36%         2
 Dazzling Flash           Conj/Hex       4%         N/A       58%         3
 Ignite Poison            Fire/Tmut/Pois 2%         N/A       58%         3
 Mephitic Cloud           Conj/Pois/Air  2%         N/A       58%         3
 Ozocubu's Armour         Ice            2%         N/A       58%         3
 Petrify                  Tmut/Erth      7%         N/A       67%         4
 Olgreb's Toxic Radiance  Pois           2%         N/A       94%         4
 Summon Lightning Spire   Summ/Air       2%         N/A       94%         4
 Excruciating Wounds      Necr           7%         N/A       50%         5
 Lee's Rapid Deconstruct  Erth           6%         3d7*      69%         5
 Death Channel            Necr           7%         N/A       97%         6
 Bolt of Magma            Conj/Fire/Erth 2%         4d4       98%         5
 Irradiate                Conj/Tmut      1%         3d14      100%        5
 Lightning Bolt           Conj/Air       1%         1d12      100%        5
 Metabolic Englaciation   Hex/Ice        1%         N/A       100%        5
 Simulacrum               Ice/Necr       4%         N/A       100%        6
 Ozocubu's Refrigeration  Ice            1%         4d5       100%        7
 Storm Form               Tmut/Air       1%         N/A       100%        7
 Ignition                 Fire           1%         3d3       100%        8
 Maxwell's Capacitive Co  Air            1%         ∞         100%        8
 Fire Storm               Conj/Fire      1%         7d1       100%        9


Dungeon Overview and Level Annotations

Branches:
Dungeon (11/15)            Temple (1/1) D:4            Lair (0/6) D:11
  Sewer (visited)
    Orc: D:9-12

Altars:
Ashenzari
Cheibriados
Dithmenos
Elyvilon
Fedhas
Gozag
Hepliaklqana
Kikubaaqudgha
Makhleb
Nemelex Xobeh
Okawaru
Qazlal
Ru
Sif Muna
Trog
Uskayaw
Vehumet
Wu Jian
Xom
Yredelemnul
Zin
The Shining One

Shops:
D:9 *

Annotations:
D:8 3 runed translucent doors, exclusion: oklob sapling, GlazedDonut's ghost, novice GrFi
D:11 Snorg


Innate Abilities, Weirdness & Mutations

You are too large for most types of armour.
You have claws for hands.
Your natural rate of healing is unusually fast.
You are covered in fur. (AC +1)
You have tough skin. (AC +1)


Message History

Snorg is moderately wounded.
You block Snorg's attack. Snorg claws you but does no damage. Snorg claws you.
You scratch Snorg.
Snorg is moderately wounded.
Snorg closely misses you. Snorg claws you! Snorg claws you but does no damage.
You claw Snorg!
Snorg is moderately wounded.
Snorg bites you. Snorg claws you. Snorg claws you but does no damage.
You barely miss Snorg.
Snorg is moderately wounded.
Snorg bites you! Snorg claws you. Snorg claws you but does no damage.
You claw Snorg! Your claw misses Snorg.
Snorg is heavily wounded.
You block Snorg's attack. Snorg claws you! Snorg closely misses you.
You mangle Snorg!!
Snorg is heavily wounded.
You scratch Snorg.
Snorg is severely wounded.
Snorg closely misses you. You block Snorg's attack. Snorg closely misses you.
You barely miss Snorg.
Snorg is severely wounded.
Snorg bites you!!
* * * LOW HITPOINT WARNING * * *
Snorg claws you!!
* * * LOW HITPOINT WARNING * * *
Snorg claws you!
* * * LOW HITPOINT WARNING * * *
You mangle Snorg!!
Snorg is severely wounded.
Snorg barely misses you. Snorg closely misses you. x2
You closely miss Snorg.
Snorg is severely wounded.
Snorg closely misses you. x2; Snorg claws you!
* * * LOW HITPOINT WARNING * * *
Unknown command.
You barely miss Snorg.
Snorg is severely wounded.
Snorg bites you but does no damage. Snorg misses you. Snorg claws you!
You die...
Kikubaaqudgha rasps: "You have failed me!
Welcome... death!"

#..# #...........<....
#..###...###.##.#.#.#.
#.[......# #.##.....#.
#.###....# #..<......[
###.###....###..###.#...
#.....#....##...........
#.....#.........###.#...
#.....T.......#.###.#...
#......@...#.......>##..
#.......................
####.......###..###.#...
#.......†.....# #.##.#
#........<###.###.##.#
#....................#
#...........#.........
#.###.......(####.####
#[ ###^....## #.#


You could see Snorg (berserk).

Vanquished Creatures
  A boulder beetle (D:11)
  Harold (D:8)
  A cyclops (D:11)
  A troll (D:10)
  Grinder (D:5)
  4 slime creatures (D:10)
  9 yaks
  A wraith (D:10)
  3 vampire mosquitoes (D:10)
  Menkaure (D:6)
  An acid dragon (D:10)
  A water moccasin (D:8)
  An ice beast (D:5)
  A black bear (D:8)
  4 orc warriors
  A necrophage (D:6)
  4 ogres
  7 centaurs
  3 kobold brigands
  2 phantoms (D:5)
  2 bullfrogs (D:9)
  2 wyvern zombies
  2 scorpions (D:4)
  A water moccasin zombie (D:5)
  5 killer bees (D:9)
  5 wights (D:8)
  2 howler monkeys (D:8)
  2 bullfrog zombies
  3 centaur zombies
  2 jellies
  2 orc priests
  2 gnoll shamans
  2 hounds
  Jessica (D:2)
  3 iguanas
  6 orc wizards
  2 hound zombies (D:5)
  A hound skeleton (D:4)
  9 adders
  14 gnolls
  A shadow imp (D:7)
  2 white imps
  2 ufetubi
  An adder skeleton (D:4)
  7 worms
  3 dart slugs
  30 orcs
  20 ball pythons
  14 endoplasms
  8 giant cockroaches
  10 goblins
  5 hobgoblins
  3 jackals
  6 quokkas
  2 bats
  6 frilled lizards
  14 kobolds
  13 rats
263 creatures vanquished.

Vanquished Creatures (others)
  8 plants (D:8)
8 creatures vanquished.

Grand Total: 271 creatures vanquished

Notes
Turn   | Place    | Note
-------+----------+-------------------------------------------
     0 | D:1      | pkoi the Troll Monk began the quest for the Orb.
     0 | D:1      | Reached XP level 1. HP: 22/22 MP: 0/0
    55 | D:1      | Reached XP level 2. HP: 29/29 MP: 1/1
   228 | D:1      | Reached skill level 4 in Unarmed Combat
   305 | D:1      | Reached XP level 3. HP: 36/36 MP: 2/2
   629 | D:2      | Reached XP level 4. HP: 44/44 MP: 3/3
   692 | D:2      | Reached skill level 5 in Unarmed Combat
   793 | D:2      | Noticed Jessica
   794 | D:2      | Found a sacrificial altar of Ru.
   797 | D:2      | Killed Jessica
   804 | D:2      | Became a worshipper of Ru the Awakened
   981 | D:2      | Found a faded altar of an unknown god.
  1122 | D:2      | Reached XP level 5. HP: 50/50 MP: 4/4
  1326 | D:2      | Fell from the grace of Ru
  1326 | D:2      | Became a worshipper of Kikubaaqudgha
  1326 | D:2      | Reached * piety under Kikubaaqudgha
  1326 | D:2      | Received a gift from Kikubaaqudgha
  1874 | D:3      | Reached skill level 6 in Unarmed Combat
  2019 | D:4      | Identified the +2 cloak "Linat" {Int+6}
  2078 | D:4      | Found a glowing drain.
  2093 | D:4      | Reached ** piety under Kikubaaqudgha
  2096 | Sewer    | Entered a sewer
  2329 | Sewer    | Reached XP level 6. HP: 51/59 MP: 5/5
  2343 | Sewer    | Reached skill level 7 in Unarmed Combat
  2435 | D:4      | Found a stormy altar of Qazlal.
  2465 | D:4      | Identified the +1 ring mail "Noil" {rCorr}
  2475 | D:4      | Learned a level 3 spell: Vampiric Draining
  2515 | D:4      | Found a staircase to the Ecumenical Temple.
  2588 | Temple   | Entered the Ecumenical Temple
  2724 | D:4      | Reached skill level 1 in Necromancy
  2736 | D:4      | Reached XP level 7. HP: 52/66 MP: 6/6
  2768 | D:4      | Reached skill level 8 in Unarmed Combat
  3161 | D:5      | Entered Level 5 of the Dungeon
  3213 | D:5      | Found a glowing silver altar of Zin.
  3213 | D:5      | Found a shimmering altar of Xom.
  3213 | D:5      | Found a shadowy altar of Dithmenos.
  3215 | D:5      | Found a shimmering blue altar of Sif Muna.
  3232 | D:5      | Reached XP level 8. HP: 74/74 MP: 6/8
  3297 | D:5      | Reached *** piety under Kikubaaqudgha
  3297 | D:5      | Received a gift from Kikubaaqudgha
  3334 | D:5      | Reached skill level 1 in Spellcasting
  3723 | D:6      | Noticed Menkaure
  3754 | D:5      | Learned a level 4 spell: Dispel Undead
  3845 | D:6      | Noticed Grinder
  3872 | D:5      | Killed Grinder
  4213 | D:6      | Killed Menkaure
  4385 | D:6      | Found a hide-covered altar of Uskayaw.
  4510 | D:6      | Reached skill level 9 in Unarmed Combat
  4510 | D:6      | Reached XP level 9. HP: 84/84 MP: 11/11
  4516 | D:6      | Learned a level 5 spell: Borgnjor's Vile Clutch
  4868 | D:7      | Reached skill level 1 in Earth Magic
  5446 | D:8      | Reached **** piety under Kikubaaqudgha
  5552 | D:8      | Noticed a centaur warrior
  5553 | D:8      | Noticed GlazedDonut's ghost (novice GrFi)
  5556 | D:8      | Found a runed translucent gate.
  5556 | D:8      | Found a runed translucent gate.
  5556 | D:8      | Found a runed translucent gate.
  5689 | D:8      | Noticed Harold
  5697 | D:8      | Learned a level 1 spell: Pain
  5749 | D:8      | Killed Harold
  6206 | D:8      | Reached XP level 10. HP: 88/94 MP: 13/13
  6366 | D:9      | Reached skill level 5 in Necromancy
  6375 | D:9      | Found an opulent altar of Gozag.
  6375 | D:9      | Found Gozag's Platinum Reserve.
  6413 | D:9      | Reached skill level 5 in Fighting
  6527 | D:9      | Reached skill level 5 in Dodging
  6565 | D:9      | Found a white marble altar of Elyvilon.
  6811 | D:9      | Reached ***** piety under Kikubaaqudgha
  7081 | D:10     | Entered Level 10 of the Dungeon
  7090 | D:10     | Found a sacrificial altar of Ru.
  7484 | D:10     | Reached skill level 10 in Unarmed Combat
  8015 | D:11     | Noticed a cyclops
  8244 | D:10     | Identified 2 scrolls of acquirement
  8244 | D:10     | Acquired Lee's Collected Works on Confrontation and Earth
  8246 | D:10     | Acquired 603 gold pieces
  8266 | D:11     | Noticed Snorg
  8364 | D:11     | Killed a cyclops
  8367 | D:11     | Found a staircase to the Lair.
  8440 | D:10     | Reached XP level 11. HP: 62/105 MP: 15/15
  8507 | D:11     | Noticed a boulder beetle
  8524 | D:11     | Killed a boulder beetle
  8706 | D:11     | HP: 4/105 [Snorg (9)]
  8707 | D:11     | Slain by Snorg

Illustrated notes

Levels and vault maps discovered:
D:1:      wander_arrival_lonely_grave, layout_loops_cross, skrybe_limestone_x
D:2:      layout_basic, chequers_ecumenical_altar_simple_redux, basic_altar,
          hex_medium, minmay_rat_gold_closets, uniq_jessica
D:3:      layout_loops_cross, chequers_jeans, minmay_between
D:4:      layout_cave_pools, grunt_qazlal_clouds, minmay_temple_entry_slanted,
          gup_sewer_entry_pipe, wad_rectangle_vault
D:5:      layout_rooms, chequers_temple_overflow_statue_of_worship,
          minmay_misc_feat_chi
D:6:      layout_loops_ring, nicolae_uskayaw_suspiria, uniq_grinder,
          uniq_menkaure
D:7:      layout_basic, st_stairs_12, minmay_crystal_water, feat_on_display
D:8:      layout_rooms, gammafunk_ghost_split, introduction_to_nature_2,
          uniq_harold
D:9:      layout_long_grid, mainiacjoe_overflow_alcove_1,
          nicolae_gozag_zags_fifth_avenue
D:10:     layout_stronghold, nicolae_ru_great_annihilating_truth
D:11:     layout_loops_ring, lair_entry_dummy, orc_0_dummy,
          gauntlet_entry_generic, uniq_snorg
Temple:   dshaligram_water_room_temple

Skill      XL: |  1  2  3  4  5  6  7  8  9 10 11 |
---------------+----------------------------------+-----
Unarmed Combat | 4 5 6 7 8 9 10 | 10.3
Necromancy     | 1 3 4 5 6 |  6.0
Dodging        | 3 4 5 6 |  6.0
Fighting       | 3 4 5 6 |  6.0
Spellcasting   | 2 3 |  3.9
Earth Magic    | 2 4 |  4.5
Stealth        | |  1.0

Action                   |  1- 3 |  4- 6 |  7- 9 | 10-12 || total
-------------------------+-------+-------+-------+-------++-------
Melee: Unarmed           |    72 |   199 |   289 |   246 ||   806
       Punch             |     3 |     5 |    13 |     9 ||    30
  Use: Scroll            |     3 |     9 |     1 |     8 ||    21
       Potion            |       |       |       |     2 ||     2
 Stab: Sleeping          |     3 |     3 |     2 |       ||     8
       Invisible         |       |       |       |     1 ||     1
       Paralysed         |       |       |       |     1 ||     1
Armor: Robe              |    14 |    39 |   104 |    83 ||   240
Dodge: Dodged            |    29 |    64 |   181 |   111 ||   385
Block: Other             |       |    12 |    59 |    51 ||   122
       Reflection        |       |       |     3 |       ||     3
